Map: Newkirk Precinct TE (Void)

Players

Namshar - Winner!

  • Race: Zerg Zerg
  • Spawn Location: 5:00

Serphim

  • Race: Protoss Protoss
  • Spawn Location: 7:00

Event: WCS Austin 2017

VOD

Have the link to the VOD?

Description

Time

  • Played on: April 28, 2017, 1:27 p.m.
  • Length: 9:22

All games in this series

Show
View Real Time Build Order
Export as new Build Order

Namshar Zerg - Winner!

Build Orders: Hatch First 

Get SALT Encoding   

  12  0:00  Drone  
  13  0:13  Overlord  
  13  0:18  Drone  
  14  0:31  Drone x2  
  14  0:35  Drone  
  17  0:53  Hatchery  
  17  0:56  Drone  
  17  0:59  Drone  
  18  1:11  Extractor  
  17  1:14  Spawning Pool  
  17  1:17  Drone  
  17  1:20  Drone  
  18  1:29  Drone  
  19  1:39  Overlord  
  19  1:50  Drone  
  20  2:00  Queen  
  20  2:01  Zergling x2  
  23  2:04  Queen  
  25  2:10  Metabolic Boost  
  25  2:11  Zergling x2  
  25  2:14  Drone  
  27  2:16  Drone  
  27  2:22  Drone  
  29  2:27  Drone  
  30  2:36  Overlord  
  30  2:45  Drone  
  30  2:47  Roach Warren  
  30  2:52  Drone x2  
  32  2:59  Zergling x2  
  33  3:10  Zergling x2  
  33  3:11  Zergling x10  
  33  3:12  Zergling x2  
  40  3:15  Overlord  
  40  3:16  Drone  
  41  3:20  Drone  
  42  3:32  Overlord  
  42  3:35  Drone  
  42  3:38  Drone, Hatchery  
  43  3:43  Drone x2  
  43  3:58  Drone  
  43  3:59  Drone x5  
  45  4:16  Drone  
  47  4:17  Drone x4  
  47  4:21  Extractor  
  47  4:24  Lair  
  45  4:27  Queen, Evolution Chamber  
  46  4:34  Drone x3, Extractor  
  46  4:38  Overlord  
  48  4:39  Drone x3  
  48  4:43  Roach  
  53  4:54  Zerg Missile Weapons Level 1  
  53  4:57  Roach x5  
  53  4:58  Roach  
  65  5:01  Overlord x2  
  65  5:03  Drone x2  
  65  5:04  Drone  
  68  5:14  Overlord x2  
  68  5:21  Drone, Glial Reconstitution  
  68  5:22  Extractor  
  68  5:23  Spore Crawler  
  68  5:24  Spore Crawler  
  68  5:25  Spore Crawler  
  68  5:27  Drone x3  
  68  5:29  Drone  
  68  5:33  Drone x2, Overseer  
  71  5:36  Drone x2  
  71  5:42  Overlord  
  73  5:45  Drone  
  73  5:47  Drone  
  75  5:51  Drone x3  
  75  5:52  Drone x2  
  75  5:55  Hydralisk Den  
  79  5:58  Drone x2  
  79  6:01  Overlord, Extractor x2  
  79  6:04  Drone x2  
  79  6:05  Drone  
  79  6:07  Drone x3  
  79  6:08  Drone  
  79  6:10  Overlord  
  86  6:13  Overlord  
  86  6:15  Overlord  
  86  6:18  Overlord  
  86  6:26  Overlord x2  
  86  6:32  Muscular Augments  
  86  6:33  Drone  
  86  6:35  Baneling Nest  
  86  6:40  Drone  
  86  6:42  Hydralisk  
  86  6:43  Hydralisk  
  86  6:44  Hydralisk  
  93  6:47  Hydralisk  
  93  6:48  Hatchery  
  93  6:50  Zerg Missile Weapons Level 2  
  94  6:55  Hydralisk x2  
  94  6:58  Hydralisk  
  94  6:59  Hydralisk  
  102  7:02  Hydralisk  
  102  7:03  Hydralisk  
  106  7:10  Hydralisk x2  
  106  7:11  Hydralisk  
  106  7:14  Hydralisk x2  
  116  7:19  Centrifical Hooks  
  116  7:20  Hydralisk  
  116  7:22  Hydralisk  
  120  7:24  Overseer  
  120  7:27  Overlord  
  120  7:32  Hydralisk x3  
  126  7:41  Hydralisk x2  
  130  7:45  Drone  
  130  7:46  Drone x7  
  130  7:49  Lurker Den  
  138  7:57  Roach  
  138  7:58  Hydralisk x4  
  138  8:03  Queen  
  148  8:08  Overlord  
  148  8:14  Ravager x2  
  148  8:15  Ravager x2  
  148  8:17  Ravager  
  148  8:18  Zergling x16  
  160  8:27  Hydralisk x2, Spore Crawler  
  160  8:28  Zergling x4  
  160  8:29  Zergling x2  
  166  8:34  Zergling x6  
  166  8:35  Zergling x6  
  166  8:37  Baneling  
  166  8:38  Baneling x5  
  166  8:40  Zergling x4  
  174  8:42  Zergling x4  
  176  8:49  Baneling x11  
  176  8:50  Baneling  
  176  8:55  Overlord x2  
  176  8:56  Overlord x2  
  176  8:57  Overlord, Overseer  
  176  9:02  Baneling  
  175  9:03  Baneling x3  
Show
View Real Time Build Order
Export as new Build Order

Serphim Protoss 

Build Orders: 1 Gate Expand 

Get SALT Encoding   

  12  0:01  Probe (Chrono Boost)  
  13  0:11  Probe (Chrono Boost)  
  14  0:18  Pylon  
  14  0:22  Probe (Chrono Boost)  
  15  0:37  Probe (Chrono Boost), Gateway  
  16  0:47  Probe (Chrono Boost)  
  17  1:11  Nexus  
  17  1:18  Assimilator  
  17  1:27  Cybernetics Core  
  17  1:31  Assimilator  
  17  1:35  Probe (Chrono Boost)  
  18  1:48  Probe (Chrono Boost)  
  19  1:58  Warp Gate  
  19  2:00  Probe (Chrono Boost), Adept  
  20  2:01  Pylon  
  22  2:12  Probe (Chrono Boost)  
  23  2:19  Forge  
  23  2:26  Probe (Chrono Boost)  
  23  2:28  Probe (Chrono Boost)  
  26  2:38  Probe (Chrono Boost)  
  26  2:39  Probe (Chrono Boost)  
  27  2:49  Probe (Chrono Boost)  
  27  2:50  Probe (Chrono Boost)  
  29  2:52  Gateway  
  29  3:00  Pylon  
  29  3:07  Gateway  
  29  3:11  Probe (Chrono Boost)  
  29  3:12  Probe (Chrono Boost)  
  31  3:23  Probe (Chrono Boost)  
  31  3:25  Mothership Core (Chrono Boost)  
  34  3:28  Pylon  
  34  3:32  Photon Cannon  
  34  3:34  Probe (Chrono Boost)  
  35  3:45  Probe (Chrono Boost)  
  34  3:57  Probe (Chrono Boost)  
  34  3:59  Probe (Chrono Boost)  
  34  4:01  Adept  
  34  4:02  Adept  
  40  4:03  Adept  
  26  4:25  Probe (Chrono Boost)  
  26  4:26  Probe (Chrono Boost)  
  26  4:27  Adept  
  26  4:28  Adept x2  
  34  4:33  Photon Cannon  
  34  4:36  Probe (Chrono Boost)  
  34  4:37  Probe (Chrono Boost)  
  36  4:44  Pylon  
  36  4:46  Probe (Chrono Boost)  
  36  4:48  Probe (Chrono Boost)  
  36  4:50  Pylon  
  38  4:57  Probe (Chrono Boost)  
  38  4:58  Probe (Chrono Boost)  
  40  5:00  Photon Cannon  
  40  5:05  Sentry x3  
  46  5:07  Probe (Chrono Boost)  
  46  5:09  Probe (Chrono Boost)  
  48  5:18  Probe (Chrono Boost)  
  48  5:19  Probe (Chrono Boost)  
  50  5:22  Assimilator  
  50  5:29  Twilight Council  
  50  5:31  Probe x2 (Chrono Boost)  
  50  5:33  Assimilator  
  50  5:34  Adept x2  
  56  5:42  Probe x2 (Chrono Boost)  
  58  5:45  Stalker  
  60  5:51  Pylon  
  60  5:56  Probe x2 (Chrono Boost)  
  62  6:03  Gateway  
  62  6:07  Photon Cannon  
  62  6:08  Resonating Glaives  
  62  6:09  Probe x2 (Chrono Boost)  
  64  6:12  Sentry x3  
  70  6:28  Protoss Ground Weapons Level 1  
  70  6:36  Stalker x3  
  76  6:48  Pylon  
  76  6:59  Adept x3  
  82  7:07  Probe (Chrono Boost)  
  83  7:09  Photon Cannon x2  
  83  7:10  Photon Cannon  
  83  7:17  Pylon  
  83  7:18  Stalker  
  85  7:23  Robotics Facility  
  85  7:24  Stalker  
  87  7:43  Adept x3  
  92  7:59  Stalker  
  92  8:00  Nexus  
  92  8:04  Pylon  
  94  8:08  Pylon  
  94  8:19  Adept x3  
  100  8:21  Pylon  
  100  8:24  Pylon  
  100  8:42  Adept x3  
  100  8:43  Adept  
  100  8:46  Observer  
  109  8:54  Probe (Chrono Boost)  
  109  8:55  Probe (Chrono Boost)  
  93  9:16  Stalker x4  
Tags
 
Add a new tag
Caveats
  • Supply blocks, unpowered buildings, or Contaminate may cause inaccurate times.
  • Supply counts are checked every 10 seconds.